 Dungeon Crawl Stone Soup version 0.22-a0-596-gfbd32a6 (webtiles) character file.

788 sking99 the Changer (level 7, -1/52 HPs)
             Began as a White Draconian Transmuter on July 5, 2018.
             Was a Follower of Okawaru.
             Killed by divine providence
             ... invoked by an orc priest
              (17 damage)
             ... on level 5 of the Dungeon.
             The game lasted 00:15:24 (5885 turns).

sking99 the Changer (White Draconian Transmuter)    Turns: 5885, Time: 00:15:25

Health: -1/52      AC:  7    Str: 12    XL:     7   Next: 56%
Magic:  10/11      EV: 12    Int: 14    God:    Okawaru [*.....]
Gold:   218        SH:  0    Dex: 13    Spells: 9/12 levels left

rFire    . . .     SeeInvis .     - Unarmed
rCold    + . .     Gourm    .   (no shield)
rNeg     . . .     Faith    .   (armour unavailable)
rPois    .         Spirit   .   n - +0 hat
rElec    .         Reflect  .   (no cloak)
rCorr    .         Harm     .   s - +0 pair of gloves
MR       .....                  (no boots)
Stlth    +.........             (no amulet)
HPRegen  0.17/turn              (no ring)
MPRegen  0.12/turn              (no ring)

@: short of breath
A: breathe frost, unfitting armour, cold resistance 1, cold-blooded, AC +6
a: Breathe Frost, Heroism, Renounce Religion


You were on level 5 of the Dungeon.
You worshipped Okawaru.
Okawaru was aware of your devotion.
You were not hungry.

You visited 1 branch of the dungeon, and saw 5 of its levels.

You collected 218 gold pieces.

Inventory:

Missiles
 a - 55 arrows (quivered)
Armour
 n - a +0 hat (worn)
 s - a +0 pair of gloves (worn)
 w - the +2 shield of Resistance {rF+ rC+ MR+}
   (You found it on level 4 of the Dungeon)

   It protects you from fire.
   It protects you from cold.
   It affects your resistance to hostile enchantments.
Jewellery
 h - an uncursed amulet of guardian spirit {unknown}
 r - an uncursed ring of resist corrosion {unknown}
Wands
 q - a wand of paralysis (5)
Scrolls
 g - a scroll of immolation
 j - a scroll of teleportation
Potions
 b - 2 potions of heal wounds {unknown}
 d - 2 potions of ambrosia {unknown}
 e - a potion of curing
 f - a potion of flight {unknown}
 i - a potion of invisibility {unknown}
 k - a potion of mutation {unknown}
 l - 2 potions of magic
 m - a potion of resistance {unknown}
 o - a potion of lignification {unknown}
 p - 2 potions of brilliance
 v - a potion of berserk rage {unknown}
 x - a potion of agility {unknown}
Comestibles
 c - 6 rations


   Skills:
 - Level 1.1 Fighting
 - Level 1.7 Dodging
 - Level 6.0 Unarmed Combat
 - Level 3.0 Spellcasting
 + Level 6.4 Transmutations


You had 9 spell levels left.
You knew the following spells:

 Your Spells              Type           Power        Failure   Level  Hunger
a - Beastly Appendage     Tmut           ###...       1%          1    #......
b - Sticks to Snakes      Tmut           ###.....     2%          2    ##.....

Your spell library contained the following spells:

 Spells                   Type           Power        Failure   Level  Hunger
 Cause Fear               Hex            #.........   91%         4    #####..
 Slow                     Hex            #.......     32%         2    ##.....
 Spider Form              Tmut/Pois      ##........   17%         3    ###....
 Blade Hands              Tmut           ###.......   38%         5    ######.
 Ice Form                 Ice/Tmut       ##......     50%         4    #####..
 Corona                   Hex            #......      22%         1    #......
 Portal Projectile        Hex/Tloc       #.....       54%         3    ###....
 Leda's Liquefaction      Hex/Erth       #.........   91%         4    #####..
 Inner Flame              Hex/Fire       #.......     54%         3    ###....


Dungeon Overview and Level Annotations

Branches:
Dungeon (5/15)             Temple (0/1) D:5

Altars:
Ashenzari
Cheibriados
Fedhas
Makhleb
Okawaru
The Shining One
Beogh

Shops:
D:5 [

Annotations:
D:1 exclusion: downstairs
D:3 exclusion: oklob plant
D:5 1 transporter


Innate Abilities, Weirdness & Mutations

You can breathe waves of freezing cold.
You can buffet flying creatures when you breathe cold.
Your icy white scales are hard. (AC +6)
You cannot fit into any form of body armour.
Your flesh is cold resistant. (rC+)
You are cold-blooded and may be slowed by cold attacks.


Message History

Your ball python dies!
You completely miss the orc. The orc hits you with a war axe!
* * * LOW HITPOINT WARNING * * *
Press: ? - help, Shift-Dir - straight line, f - orc
Aim: an orc, wielding a war axe You exhale a wave of freezing cold.
The freezing breath hits the orc.
The orc is almost dead.
The freezing breath hits the orc priest.
The orc priest is almost dead.
You feel somewhat more hungry.
You feel sick.
The orc priest looks encouraged for a moment.
The orc hits you but does no damage.
You feel better. The orc closely misses you.
You closely miss the orc.
You kill the orc!
Okawaru accepts your kill.
You closely miss the orc priest.
The orc priest calls down the wrath of Beogh upon you.
Beogh smites you!
You die...

**********,* *,,,,,,,,,,*
*,********** *** *,********
*##*##,* *,,,,,,,,* *..,,..*
*,,*****,* *#.***.###
*,,*****,####.* *,..#
*,,,,,**,#....#####.# ########
*,***,**,#.**#oo@...## ##.......
*,* *,**,#.* #†##....# #........
*,**#.##.#.###.##....####..##....
*,,,...o..oS..o............(.....
*,**#o########o##....####.....).#
*,* *,**,,,* #.###########..#....
*,***,**,,,* #.$,,,.........#.#.#
,,,,,,**,,,**####**########.#.#.#
,>,,,,,+,,,+,* ***###.#..


You could see 2 orc priests.

Vanquished Creatures
  Eustachio (D:5)
  2 sky beasts (D:5)
  A crimson imp (D:4)
  A hound (D:4)
  Jessica (D:2)
  An iguana (D:5)
  4 worker ants
  A howler monkey skeleton (D:4)
  5 adders
  A shadow imp (D:5)
  An ooze (D:1)
  An adder zombie (D:3)
  3 worms
  7 dart slugs
  5 leopard geckos
  12 orcs
  7 bats
  6 giant cockroaches
  9 goblins
  6 hobgoblins
  6 jackals
  11 kobolds
  3 quokkas
  A ball python (D:4)
  10 frilled lizards
  A quokka skeleton (D:4)
  5 rats
112 creatures vanquished.

Vanquished Creatures (collateral kills)
  An ogre (D:2)
  An orc wizard (D:3)
  An adder (D:4)
  An orc (D:3)
  A bat (D:3)
  2 jackals (D:2)
7 creatures vanquished.

Grand Total: 119 creatures vanquished

Notes
Turn   | Place    | Note
-------+----------+-------------------------------------------
     0 | D:1      | sking99 the Draconian Transmuter began the quest for the Orb.
     0 | D:1      | Reached XP level 1. HP: 16/16 MP: 3/3
    71 | D:1      | Reached XP level 2. HP: 15/23 MP: 5/5
   935 | D:1      | Reached XP level 3. HP: 19/28 MP: 6/6
   956 | D:1      | Learned a level 2 spell: Sticks to Snakes
  1157 | D:1      | Found a roughly hewn altar of Beogh.
  1157 | D:1      | Noticed an orc warrior
  1278 | D:2      | Noticed Jessica
  1283 | D:2      | Noticed an ogre
  1287 | D:2      | Killed Jessica
  1287 | D:2      | Reached XP level 4. HP: 30/35 MP: 7/7
  1303 | D:2      | Reached skill level 5 in Unarmed Combat
  1688 | D:2      | Killed an ogre
  1688 | D:2      | Reached XP level 5. HP: 40/40 MP: 0/8
  2023 | D:2      | Found an iron altar of Okawaru.
  2032 | D:2      | Became a worshipper of Warmaster Okawaru
  2524 | D:3      | Found a faded altar of an unknown god.
  2781 | D:3      | Found a glowing golden altar of the Shining One.
  2889 | D:3      | Found a blossoming altar of Fedhas.
  2904 | D:3      | Noticed an oklob plant
  3216 | D:3      | Reached XP level 6. HP: 47/47 MP: 10/10
  3311 | D:3      | Found a snail-covered altar of Cheibriados.
  3779 | D:4      | Found a burning altar of Makhleb.
  4338 | D:4      | Found the +2 shield of Resistance {rF+ rC+ MR+}
  4605 | D:5      | Entered Level 5 of the Dungeon
  4675 | D:5      | Noticed Eustachio
  4676 | D:5      | Found Ruchoe's Antique Armour Emporium.
  4692 | D:5      | Killed Eustachio
  4692 | D:5      | Reached skill level 5 in Transmutations
  4692 | D:5      | Your scales start taking on an icy white colour.
  4692 | D:5      | Reached XP level 7. HP: 28/52 MP: 7/11
  4692 | D:5      | Gained mutation: Your flesh is cold resistant. (rC+) [White Draconian growth]
  5205 | D:5      | Found a transporter.
  5352 | D:5      | HP: 2/52 [phantom (4)]
  5660 | D:5      | Found a shattered altar of Ashenzari.
  5861 | D:5      | Reached * piety under Okawaru
  5885 | D:5      | Killed from afar by an orc priest

Vault maps used:
D:1:      erik_arrival_cave_to_civilisation, minmay_tetromino_l4
D:2:      nicolae_overflow_crystal_walls, uniq_jessica
D:3:      cheibriados_altar_1, tso_metal_star, tgw_fedhas, first_ration,
          chequers_ecumenical_altar_simple
D:4:      makhleb_grotto_becter, minmay_misc_feat_diagonals
D:5:      gammafunk_cloud_chamber, lemuel_round_altar,
          minmay_temple_entry_fiery, serial_shops,
          nicolae_shop_overgrown_old_shop, minmay_hollow_rounded_squares,
          uniq_ijyb, uniq_eustachio

Skill      XL: |  1  2  3  4  5  6  7 |
---------------+----------------------+-----
Unarmed Combat | 4 5 6 |  6.0
Transmutations | 3 5 6 |  6.4
Spellcasting   | 3 |  3.0
Fighting       | |  1.1
Dodging        | |  1.7

Action                   |  1- 3 |  4- 6 |  7- 9 || total
-------------------------+-------+-------+-------++-------
Melee: Unarmed           |   117 |   296 |   103 ||   516
       Tailslap          |    11 |    31 |     6 ||    48
       Punch             |     1 |     5 |     4 ||    10
       Kick              |       |     1 |     4 ||     5
       Headbutt          |       |       |     2 ||     2
 Cast: Sticks to Snakes  |       |    20 |     3 ||    23
       Beastly Appendage |       |     1 |     2 ||     3
 Abil: Breathe Frost     |       |       |     5 ||     5
  Use: Potion            |       |     1 |     2 ||     3
       Scroll            |       |     7 |       ||     7
 Stab: Sleeping          |     1 |     1 |       ||     2
       Distracted        |       |     2 |       ||     2
  Eat: Chunk             |     1 |    13 |     1 ||    15
       Ration            |       |       |     1 ||     1
Armor: Skin              |    29 |    97 |    34 ||   160
Dodge: Dodged            |    88 |   171 |    36 ||   295

Table legend:
 A = Spawn XP
 B = Non-spawn XP
 C = Spawn XP percentage of total XP
 D = Spawn monster count
 E = Non-spawn monster count
 F = Spawn count percentage of total count
 G = Total turns spent on level
                    A         B        C        D         E        F      G
               +---------+---------+-------+---------+---------+-------+---------
         Total |       0 |    1126 |   0.0 |       0 |     119 |   0.0 |  5885
               +---------+---------+-------+---------+---------+-------+---------
           D:1 |       0 |      56 |   0.0 |       0 |      27 |   0.0 |  1332
           D:2 |       0 |     181 |   0.0 |       0 |      27 |   0.0 |   744
           D:3 |       0 |     160 |   0.0 |       0 |      40 |   0.0 |  1672
           D:4 |       0 |     225 |   0.0 |       0 |      15 |   0.0 |  1113
           D:5 |       0 |     504 |   0.0 |       0 |      10 |   0.0 |  1024
               +---------+---------+-------+---------+---------+-------+---------
